Description

test build

Build Order

Get SALT Encoding   

  12  0:00  Overlord  
  14  0:30   Hatchery  proxy hatchery gogo
  16  0:38  Extractor  
  16  0:38   Drone  3 drones to gas
  16  0:42   Spawning Pool  Pool
  18  1:05  Overlord  
  19  1:15  Extractor  
  19  1:20   Roach Warren, Hatchery  Proxy hatchery, Roach Warren
  21  1:50  Spine Crawler  Move 2 drones to proxy
  21  2:10   Roach  Start releasing 4-5 Roach's
  21  2:30  Ravager  Convert 2-3 Roachs into Ravagers
  21  2:40-3:00  Roach  Attack
Spawning Tool Build Advisor. Get it on Overwolf

Go to:

Details

  • Created by: Cloudless
  • Published on: Mar 21, 2025
  • Modified on: Mar 21, 2025
  • Patch: 5.0.11
  • Difficulty: Medium
Show
View Real Time Build Order
Export as new Build Order

Comments (0)

There are no comments. Be the first!

Create an account to comment!